 Dungeon Crawl Stone Soup version 0.19.0-2-gae57169 (webtiles) character file.

8109 magipi the Spear-Bearer (level 11, 2/83 HPs)
             Began as a Centaur Abyssal Knight on Nov 6, 2016.
             Was a Priest of Lugonu.
             Quit the game on level 2 of the Lair of Beasts.
             The game lasted 01:30:57 (17716 turns).

magipi the Spear-Bearer (Centaur Abyssal Knight)   Turns: 17716, Time: 01:30:58

Health: 2/83       AC:  8    Str: 16    XL:     11   Next: 5%
Magic:  18/18      EV:  7    Int: 11    God:    Lugonu [***...]
Gold:   349        SH:  0    Dex: 16    Spells: 0 memorised, 10 levels left

rFire  + . .     SeeInvis .     b - -2 trident (curse)
rCold  . . .     Gourm    .     F - +0 scale mail {rF+}
rNeg   . . .     Faith    .     (no shield)
rPois  +         Spirit   .     N - +0 helmet
rElec  .         Reflect  .     G - +0 cloak
rCorr  .         Harm     .     (no gloves)
MR     .....                    (no barding)
Stlth  ..........               (no amulet)
                                p - ring of poison resistance
                                Y - +5 ring of dexterity

@: very slightly contaminated, very quick
A: hooves 3, deformed body, speed 2, tough skin 3
a: Depart the Abyss, Bend Space, Banish, Renounce Religion


You were on level 2 of the Lair of Beasts.
You worshipped Lugonu.
Lugonu was most pleased with you.
You were very hungry.

You visited 2 branches of the dungeon, and saw 14 of its levels.
You visited the Abyss 1 time.
You also visited: Sewer and Ossuary.

You collected 640 gold pieces.
You spent 291 gold pieces at shops.

Notes
Turn   | Place    | Note
-------+----------+-------------------------------------------
     0 | Abyss:1  | magipi the Centaur Abyssal Knight began the quest for the Orb.
     0 | Abyss:1  | Reached XP level 1. HP: 19/19 MP: 2/2
     0 | D:1      | Escaped the Abyss
    25 | D:1      | Reached skill level 2 in Polearms
    28 | D:1      | Reached * piety under Lugonu
   254 | D:1      | Reached XP level 2. HP: 23/26 MP: 3/3
   392 | D:1      | You fall through a shaft!
   630 | D:2      | Reached XP level 3. HP: 31/31 MP: 3/5
   745 | D:1      | Reached skill level 3 in Polearms
  1389 | D:2      | Reached ** piety under Lugonu
  1409 | D:2      | Found a blossoming altar of Fedhas.
  1736 | D:3      | Noticed Philosophy's ghost (amateur CeHu)
  2081 | D:3      | Found a hazy altar of Hepliaklqana.
  2104 | D:3      | You fall through a shaft!
  2138 | D:4      | Reached XP level 4. HP: 37/38 MP: 6/6
  2207 | D:4      | Found a sand-covered staircase.
  2230 | Ossuary  | Entered an ossuary
  2425 | Ossuary  | Reached *** piety under Lugonu
  2467 | Ossuary  | Reached skill level 4 in Polearms
  2467 | Ossuary  | Reached XP level 5. HP: 13/45 MP: 7/7
  3118 | D:4      | Found a staircase to the Ecumenical Temple.
  3118 | D:4      | Noticed a slave
  3119 | D:4      | Noticed a slave
  3119 | D:4      | Noticed Pikel
  3120 | D:4      | Noticed a slave
  3120 | D:4      | Noticed a slave
  3497 | D:3      | Reached XP level 6. HP: 48/51 MP: 9/9
  3932 | D:4      | Banished Pikel
  3932 | D:4      | Reached skill level 6 in Polearms
  3932 | D:4      | Reached XP level 7. HP: 40/57 MP: 10/10
  4393 | D:4      | Found a glowing golden altar of the Shining One.
  4566 | D:4      | Found an iron altar of Okawaru.
  4606 | D:5      | Entered Level 5 of the Dungeon
  4745 | D:5      | Reached skill level 7 in Polearms
  5169 | D:5      | Found an opulent altar of Gozag.
  5169 | D:5      | Found a shadowy altar of Dithmenos.
  5176 | D:5      | Found a faded altar of an unknown god.
  5178 | D:5      | Found a shattered altar of Ashenzari.
  5180 | D:5      | Found a faded altar of an unknown god.
  5513 | D:5      | Reached XP level 8. HP: 49/63 MP: 11/11
  5891 | D:6      | Reached skill level 8 in Polearms
  5970 | D:6      | Reached skill level 5 in Invocations
  6052 | D:5      | Reached **** piety under Lugonu
  6514 | D:6      | Found a glowing drain.
  6521 | Sewer    | Entered a sewer
  6788 | Sewer    | Got a heavy robe
  7073 | Sewer    | Reached skill level 9 in Polearms
  7477 | D:6      | Found a sparkling altar of Nemelex Xobeh.
  7477 | D:6      | Found a stormy altar of Qazlal.
  7834 | D:6      | Found Gufif's Magic Scroll Shop.
  7837 | D:6      | Found a deep blue altar of Sif Muna.
  7843 | D:6      | Bought a scroll of blinking for 97 gold pieces
  7843 | D:6      | Bought a scroll of random uselessness for 13 gold pieces
  7843 | D:6      | Bought a scroll of identify for 26 gold pieces
  7873 | D:6      | Bought a scroll of identify for 26 gold pieces
  7873 | D:6      | Bought a scroll of identify for 26 gold pieces
  8196 | D:6      | Reached XP level 9. HP: 40/69 MP: 13/13
  8648 | D:7      | Found a runed door.
  8652 | D:7      | Noticed Crazy Yiuf
  8712 | D:7      | Killed Crazy Yiuf
  9334 | D:7      | Reached skill level 10 in Polearms
  9764 | D:7      | Found Qicousis's Antique Armour Shoppe.
  9771 | D:7      | Bought a helmet for 103 gold pieces
 10201 | D:8      | Noticed Archivist's ghost (novice HOGl)
 10306 | D:8      | Noticed Gastronok
 10807 | D:8      | Noticed Prince Ribbit
 10816 | D:8      | Banished Prince Ribbit
 10957 | D:8      | Banished Archivist's ghost
 10957 | D:8      | Reached skill level 11 in Polearms
 11067 | D:8      | Found Ygos's Weapon Boutique.
 11136 | D:8      | Found an ancient bone altar of Kikubaaqudgha.
 11154 | D:8      | Found a sacrificial altar of Ru.
 11156 | D:8      | Noticed Maurice
 11178 | D:8      | Banished Maurice
 11201 | D:8      | Found a shimmering altar of Xom.
 11484 | D:8      | Reached XP level 10. HP: 77/77 MP: 16/16
 11603 | D:8      | Noticed a green ugly thing
 12196 | D:9      | Found a burning altar of Makhleb.
 12222 | D:9      | Noticed Erolcha
 12736 | D:9      | Banished Erolcha
 12938 | D:9      | Reached skill level 12 in Polearms
 13098 | D:10     | Entered Level 10 of the Dungeon
 13308 | D:10     | Noticed feelmyfire's ghost (novice MiFi)
 13382 | D:10     | Noticed a wizard
 13539 | D:10     | Noticed a hill giant
 13563 | D:10     | HP: 2/77 [wizard/fireball (37)]
 14502 | D:11     | Found a portal to a secret trove of treasure.
 15158 | D:11     | Noticed an orange demon
 15682 | D:10     | Noticed a black mamba
 15720 | D:10     | Killed a black mamba
 15971 | D:10     | Found a staircase to the Lair.
 15979 | Lair:1   | Entered Level 1 of the Lair of Beasts
 16122 | Lair:1   | Noticed a spiny frog
 16150 | Lair:2   | Noticed a spiny frog
 16164 | Lair:2   | Noticed a seven-headed hydra
 16288 | Lair:2   | Noticed a spiny frog
 16313 | Lair:2   | Found a staircase to the Shoals.
 16351 | Lair:2   | Found a frozen archway.
 16741 | Lair:1   | Reached skill level 10 in Invocations
 17005 | Lair:1   | Reached XP level 11. HP: 59/82 MP: 18/18
 17715 | Lair:2   | HP: 2/83 [rime drake (6)]
 17716 | Lair:2   | Quit the game

Inventory:

Hand Weapons
 a - a +2 spear
 b - a cursed -2 trident (weapon)
 w - a +3 halberd
 O - a +0 trident
 U - a +0 trident of venom
 Z - a +0 glaive
Missiles
 v - 84 arrows
Armour
 r - a +1 chain mail
 y - the cursed +1 robe "Poduxy" {rElec Regen+, unknown}
   (You found it in a sewer)

   It insulates you from electricity.
   It increases your rate of regeneration.
   It has a curse placed upon it.
 F - a +0 scale mail of fire resistance (worn)
 G - a +0 cloak (worn)
 N - a +0 helmet (worn)
Rods
 R - a +0 rod of shadows (14/14)
   (You found it on level 9 of the Dungeon)
Jewellery
 m - an uncursed ring of wizardry
 p - a ring of poison resistance (right hand)
 Q - an uncursed ring of ice
 Y - a +5 ring of dexterity (left hand)
Wands
 n - a wand of iceblast (0/15)
 u - a wand of random effects (18/48)
 E - a wand of confusion (25/48)
 P - a wand of lightning (0/15)
Scrolls
 e - 3 scrolls of enchant weapon
 k - 2 scrolls of fog
 t - 2 scrolls of enchant armour
 x - a scroll of silence {unknown}
 A - 3 scrolls of recharging
 B - a scroll of blinking
 K - 2 scrolls of magic mapping
 T - 4 scrolls of fear {unknown}
 W - 2 scrolls of vulnerability {unknown}
Potions
 g - 3 potions of agility
 i - 4 potions of haste
 j - 2 potions of heal wounds
 l - a potion of flight
 o - 6 potions of might
 z - a potion of magic
 C - 2 potions of curing
 L - a potion of cancellation
 V - a potion of lignification
Books
 s - a book of Minor Magic

   Spells                             Type                      Level
   a - Magic Dart                     Conjuration                  1
   b - Blink                          Translocation                2
   c - Call Imp                       Summoning                    2
   d - Repel Missiles                 Charms/Air                   2
   e - Slow                           Hexes                        2
   f - Conjure Flame                  Conjuration/Fire             3
   g - Mephitic Cloud                 Conjuration/Poison/Air       3
Comestibles
 c - 3 bread rations
 f - 3 meat rations
 h - a slice of pizza
 J - a fruit


   Skills:
 + Level 3.7 Fighting
 - Level 12.8 Polearms
 + Level 2.2 Armour
 - Level 0.6 Dodging
 - Level 10.0 Invocations


You had 10 spell levels left.
You didn't know any spells.

Dungeon Overview and Level Annotations

Branches:
Dungeon (11/15)            Temple (0/1) D:4            Lair (3/6) D:10
 Shoals (0/4) Lair:2
  Snake: Lair:2-4    Spider: Lair:2-4       Orc: D:9-12

Altars:
Ashenzari
Dithmenos
Fedhas
Gozag
Hepliaklqana
Kikubaaqudgha
Makhleb
Nemelex Xobeh
Okawaru
Qazlal
Ru
Sif Muna
Xom
The Shining One

Shops:
D:6 ?   D:7 [   D:8 (

Portals:
Trove: D:11 (give 15 scrolls of teleportation)

Annotations:
D:3 Philosophy's ghost, amateur CeHu
D:7 exclusion: 4 doors
D:8 Gastronok
D:10 feelmyfire's ghost, novice MiFi
Abyss:1 Erolcha; Maurice; Pikel; Prince Ribbit


Innate Abilities, Weirdness & Mutations

You have hooves in place of feet.
Armour fits poorly on your strangely shaped body.
You cover ground very quickly.
You have extremely tough skin. (AC +3)

Vault maps used:
D:1:      lightli_arrival_noodles
D:2:      fedhas_altar_1
D:3:      kennysheep_six_static_rooms, lemuel_crystal_altar, minivault_14,
          dk_noncrumbling_3, serial_park_tiny_2
D:4:      okawaru_altar_gauntlet_db, tso_oasis_becter, enter_ossuary_4,
          uniq_pikel
D:5:      chequers_temple_overflow_minitemple, first_bread
D:6:      gammafunk_temple_overflow_statue, overflow_temple_1_default,
          serial_shops, shop, gup_sewer_entry_spiral, item_on_display_a
D:7:      serial_shops, shop, uniq_crazy_yiuf_cottage
D:8:      grunt_temple_overflow_open, basic_altar, serial_shops,
          kennysheep_mini, st_stairs_1, uniq_prince_ribbit1, uniq_maurice,
          uniq_gastronok
D:9:      basic_altar, uniq_erolcha
D:10:     david_lair_shrubbed
D:11:     nicolae_trove_entry_path_of_doom
Lair:2:   regret_index_combs_of_tragedy, elwin_shoals_entry_rocks,
          spider_nest_entry_web_field, portal_ice_cave_entry_ice_beasts,
          st_stairs_9
Lair:3:   serial_bayou_shore_b, grunt_megastairs_2
Sewer:    sewer_minmay_w
Ossuary:  ossuary_tomb_1


Message History

The bullfrog gives a loud, deep croak!
There is a stone staircase leading up here.
You barely miss the bullfrog. You kick the bullfrog.
The bullfrog is lightly wounded.
The bullfrog hits you.
You barely miss the bullfrog.
The spiny frog croaks.
Your kick misses the bullfrog.
The bullfrog is lightly wounded.
The bullfrog hits you but does no damage.
You hit the bullfrog.
You kick the bullfrog, but do no damage.
The bullfrog is lightly wounded.
The bullfrog barely misses you.
There is a stone staircase leading up here.
The bullfrog hits you. x2
You climb upwards.
The worker ant twitches its antennae in your direction.
The spiny frog stings you but does no damage.
The spiny frog stings you!
There is a stone staircase leading down here.
The bullfrog hits you but does no damage.
The bullfrog hits you but does no damage.
Found 21 gold pieces.
The bullfrog releases a deep croak.
The bullfrog swells and bulges.
The bullfrog closely misses you.
You see here a scroll of teleportation.
q - a scroll of teleportation The bullfrog hits you.
Something hits you.
Deactivating autopickup; reactivate with Ctrl-A.
Something hits you!
* * * LOW HITPOINT WARNING * * *
The bullfrog barely misses you.
As you read the scroll of teleportation, it crumbles to dust.
You feel strangely unstable. Something hits you.
* * * LOW HITPOINT WARNING * * *
The bullfrog hits you.
* * * LOW HITPOINT WARNING * * *
Unknown command.
Something hits you.
* * * LOW HITPOINT WARNING * * *
Your surroundings suddenly seem different.
Unknown command.
You start resting.
You are feeling hungry.
You start resting.
All of the chunks of flesh in your inventory have rotted away.
You are feeling very hungry.
You start resting.
HP restored.
There is a stone staircase leading down here.
You climb downwards.
The hippogriff screeches!
You hear a roar!
The seven-headed hydra bites you. The seven-headed hydra bites you! x3
The seven-headed hydra bites you but does no damage.
The seven-headed hydra barely misses you.
The seven-headed hydra bites you but does no damage.
There is a stone staircase leading up here.
The hippogriff bites you. The hippogriff barely misses you.
The hippogriff claws you.
A rime drake comes into view.
The rime drake hisses angrily.
The rime drake breathes ice at you. The flash freeze hits you!
You are encased in ice.
Found a stone staircase leading down.
There is a stone staircase leading down here.
The ice encasing you melts away.
You climb downwards.
A komodo dragon comes into view.
The komodo dragon hisses angrily.
There is a stone staircase leading up here.
A komodo dragon comes into view.
The komodo dragon hisses angrily.
There is a dry fountain here.
A porcupine comes into view.
Found a stone staircase leading up.
There is a stone staircase leading up here.
You climb upwards.
A spiny frog comes into view.
The spiny frog stings you!
There is a stone staircase leading down, spattered with blood here.
A porcupine and a blink frog come into view.
The blink frog gives a loud, deep croak!
The spiny frog stings you!!
* * * LOW HITPOINT WARNING * * *
A water moccasin comes into view.
The water moccasin hisses angrily.
A blink frog comes into view.
A blink frog comes into view.
Blink to where?
Press: ? - help, Dir - move target cursor You are very lightly contaminated with residual magic.
As you read the scroll of blinking, it crumbles to dust.
You closely miss the rime drake. Your kick misses the rime drake.
The rime drake bites you.
* * * LOW HITPOINT WARNING * * *
Are you sure you want to abandon this character and quit the game? (Confirm with "yes".)

F.# ##Y.##P.
###..### #PY.Y..S
###.#F##.# ##...Y?Y
##....r...# #..../.
#P...#F#.># ##.....
##.##..#..## #.#.#..
#P..##.#...#
#.####..
#..#.#..#.###.# ....
#..@..#..# ## #...
#.k####..# #.#..
#..## #.# #.# ##...#
#.. #.# #
#....####.# #.###
#....>....# ###....
###..#######
##.#....
#..######.###......H
#P......k.........##


You could see a rime drake.

Vanquished Creatures
  A black mamba (D:10)
  2 komodo dragons (Lair:1)
  A guardian mummy (D:11)
  A hippogriff (D:9)
  A wyvern (D:10)
  A water moccasin (Lair:1)
  2 porcupines
  A phantom (D:7)
  2 ice beasts
  A sky beast (D:9)
  A necrophage (D:8)
  An ogre (D:9)
  5 centaurs
  A crocodile (Lair:1)
  2 big kobolds
  An elf zombie (Ossuary)
  16 bullfrogs
  A gnoll sergeant (D:9)
  4 scorpions
  4 wights
  2 howler monkeys
  3 crimson imps
  2 bullfrog zombies
  3 centaur zombies
  5 hounds
  A bullfrog skeleton (D:7)
  4 jellies
  Crazy Yiuf (D:7)
  7 worker ants
  3 iguanas
  7 orc wizards
  A killer bee zombie (D:8)
  A hound skeleton (D:10)
  2 mummies (Ossuary)
  17 gnolls
  17 adders
  5 river rats
  A shadow imp (D:11)
  3 adder zombies
  An ooze (Sewer)
  3 worms
  A dart slug (D:1)
  9 leopard geckos
  21 orcs
  10 ball pythons
  6 bats
  4 giant cockroaches
  11 goblins
  6 hobgoblins
  14 jackals
  5 kobolds
  4 quokkas
  5 frilled lizards
  3 goblin zombies
  10 hobgoblin zombies (Ossuary)
  9 kobold zombies (Ossuary)
  9 orc zombies (Ossuary)
  A quokka zombie (D:4)
  29 rats
295 creatures vanquished.

Vanquished Creatures (others)
  The ghost of Archivist the Fighter, a novice HOGl of Trog (D:8)
  A troll (D:10)
  2 hippogriffs
  A wyvern (D:9)
  3 hungry ghosts
  A steam dragon (D:10)
  An ice beast (D:7)
  An orc warrior (D:9)
  A slave (D:4)
  A gnoll sergeant (D:11)
  A wight (D:10)
  An orc priest (D:8)
  2 hounds (D:5)
  A worker ant (D:4)
  3 fungi (Lair:2)
  11 plants (D:10)
32 creatures vanquished.

Grand Total: 327 creatures vanquished

Action                   |  1- 3 |  4- 6 |  7- 9 | 10-12 || total
-------------------------+-------+-------+-------+-------++-------
Melee: Spear             |   195 |   282 |   134 |       ||   611
       Kick              |    26 |    41 |   172 |    90 ||   329
       Trident           |       |       |   882 |   504 ||  1386
Invok: Depart the Abyss  |     1 |       |       |       ||     1
       Banish            |       |       |    12 |    13 ||    25
Evoke: Wand              |       |       |       |     8 ||     8
  Use: Scroll            |     5 |     4 |    10 |    12 ||    31
       Potion            |       |     1 |     4 |     5 ||    10
 Stab: Invisible         |       |       |     4 |       ||     4
  Eat: Chunk             |     3 |     3 |    20 |     8 ||    34
       Fruit             |       |     2 |       |     5 ||     7
       Bread ration      |       |       |     1 |     1 ||     2
       Beef jerky        |       |       |     1 |     1 ||     2
       Pizza             |       |       |       |     1 ||     1
Armor: Leather armour    |    43 |       |       |       ||    43
       Ring mail         |     6 |    57 |    20 |       ||    83
       Chain mail        |       |       |   364 |   147 ||   511
       Scale mail        |       |       |       |    29 ||    29
Dodge: Dodged            |    48 |    39 |   153 |    86 ||   326

Action                   |  1- 3 |  4- 6 |  7- 9 | 10-12 || total
-------------------------+-------+-------+-------+-------++-------
Melee: Spear             |   195 |   282 |   134 |       ||   611
       Kick              |    26 |    41 |   172 |    90 ||   329
       Trident           |       |       |   882 |   504 ||  1386
Invok: Depart the Abyss  |     1 |       |       |       ||     1
       Banish            |       |       |    12 |    13 ||    25
Evoke: Wand              |       |       |       |     8 ||     8
  Use: Scroll            |     5 |     4 |    10 |    12 ||    31
       Potion            |       |     1 |     4 |     5 ||    10
 Stab: Invisible         |       |       |     4 |       ||     4
  Eat: Chunk             |     3 |     3 |    20 |     8 ||    34
       Fruit             |       |     2 |       |     5 ||     7
       Bread ration      |       |       |     1 |     1 ||     2
       Beef jerky        |       |       |     1 |     1 ||     2
       Pizza             |       |       |       |     1 ||     1
Armor: Leather armour    |    43 |       |       |       ||    43
       Ring mail         |     6 |    57 |    20 |       ||    83
       Chain mail        |       |       |   364 |   147 ||   511
       Scale mail        |       |       |       |    29 ||    29
Dodge: Dodged            |    48 |    39 |   153 |    86 ||   326
